 Dungeon Crawl Stone Soup version 0.23.2-40-g277498a (webtiles) character file.

Game seed: 991232134942876473

96 paladinox123 the Chopper (level 4, -5/37 HPs)
             Began as a Ghoul Gladiator on July 24, 2019.
             Slain by a gnoll
             ... wielding a +0 spear
              (8 damage)
             ... on level 3 of the Dungeon on Sept 19, 2019.
             The game lasted 00:08:36 (471 turns).

paladinox123 the Chopper (Ghoul Gladiator)           Turns: 471, Time: 00:08:37

Health: -5/37      AC:  4    Str: 17    XL:     4   Next: 67%
Magic:  3/3        EV: 12    Int:  3    God:
Gold:   58         SH:  0    Dex: 11    Spells: 3/3 levels left

rFire    . . .     SeeInvis .   a - +0 war axe
rCold    + . .     Gourm    .   (no shield)
rNeg     + + +     Faith    .   b - +0 leather armour
rPois    ∞         Spirit   .   c - +0 helmet
rElec    .         Reflect  .   (no cloak)
rCorr    .         Harm     .   (no gloves)
MR       .....                  (no boots)
Stlth    ..........             (no amulet)
HPRegen  0.00/turn              e - ring of attention (curse)
MPRegen  0.08/turn              (no ring)

@: rotting
A: rotting body, claws 1, carnivore, cold resistance 1, negative energy
resistance 3, inhibited regeneration, torment resistance, unbreathing
a: no special abilities


You were on level 3 of the Dungeon.
You were not hungry.

You visited 1 branch of the dungeon, and saw 3 of its levels.

You collected 58 gold pieces.

Inventory:

Hand Weapons
 a - a +0 war axe (weapon)
Missiles
 d - 3 throwing nets (quivered)
Armour
 b - a +0 leather armour (worn)
 c - a +0 helmet (worn)
Jewellery
 e - a cursed ring of attention (left claw)
Scrolls
 g - a scroll of enchant armour {unknown}
Comestibles
 f - 14 chunks of flesh


   Skills:
 + Level 2.6 Fighting
 + Level 4.0 Axes
 + Level 1.8 Throwing
 + Level 1.0 Armour
 + Level 3.1 Dodging
 + Level 0.1 Stealth


You had 3 spell levels left.
You didn't know any spells.
Your spell library was empty.

Dungeon Overview and Level Annotations

Branches:
Dungeon (3/15)

Altars:
Ru


Innate Abilities, Weirdness & Mutations

Your body is rotting away.
You thrive on raw meat.
You are immune to poison.
You have sharp fingernails.
You are carnivorous and can eat meat at any time.
Your flesh is cold resistant. (rC+)
You are immune to negative energy. (rN+++)
You do not regenerate when monsters are visible.
You are immune to unholy pain and torment.
You can survive without breathing.


Message History

You eat one of the 16 chunks of flesh.
This raw flesh tastes great!
The gnoll completely misses you. The gnoll closely misses you.
You closely miss the gnoll.
The gnoll is severely wounded.
The gnoll hits you from afar with a +0 spear.
The gnoll hits you but does no damage.
You closely miss the gnoll.
The gnoll is severely wounded.
The gnoll hits you from afar with a +0 spear!
* * * LOW HITPOINT WARNING * * *
The gnoll hits you but does no damage. x2
You eat one of the 15 chunks of flesh.
This raw flesh tastes great!
The gnoll closely misses you.
The gnoll hits you from afar with a +0 spear!
* * * LOW HITPOINT WARNING * * *
You closely miss the gnoll.
The gnoll is severely wounded.
The gnoll closely misses you.
The gnoll hits you from afar with a +0 spear!
You die...

## #.. #.# #
###### #.# ###.#
#....# #.##.....
#.##.# #......
#.##(####..#.##.#
#.##(.(..†))....#
#.######.@)g..).#
#.# #..g.....# #.#
#........#
##.######.........
#......##.......##
#..###.##.........
#..###.##..>....#.
#...##.##########
#.#÷##.....


You could see 2 gnolls.

Vanquished Creatures
  Robin (D:2)
  2 gnolls (D:3)
  2 adders
  An ooze (D:2)
  A leopard gecko (D:1)
  5 bats
  2 giant cockroaches (D:2)
  6 goblins
  11 hobgoblins
  2 quokkas (D:2)
  A frilled lizard (D:2)
  3 kobolds
  4 rats
41 creatures vanquished.

Notes
Turn   | Place    | Note
-------+----------+-------------------------------------------
     0 | D:1      | paladinox123 the Ghoul Gladiator began the quest for the
                  | Orb.
     0 | D:1      | Reached XP level 1. HP: 17/17 MP: 0/0
    44 | D:1      | Reached XP level 2. HP: 9/24 MP: 1/1
    44 | D:1      | Upgraded the game from 0.23.2-33-g5129a83 to
                  | 0.23.2-40-g277498a
    54 | D:1      | Reached skill level 3 in Axes
   167 | D:2      | Found a sacrificial altar of Ru.
   250 | D:2      | Reached XP level 3. HP: 24/30 MP: 2/2
   271 | D:2      | Noticed Robin
   283 | D:2      | Killed Robin
   336 | D:2      | Reached XP level 4. HP: 26/37 MP: 3/3
   464 | D:3      | Reached skill level 1 in Armour
   466 | D:3      | Reached skill level 4 in Axes
   471 | D:3      | Slain by a gnoll

Skill      XL: |  1  2  3  4 |
---------------+-------------+-----
Axes           | 3 4 |  4.0
Dodging        | 3 |  3.1
Armour         | 1 |  1.0
Fighting       | |  2.6
Throwing       | |  1.8
Stealth        | |  0.1

Action                   |  1- 3 |  4- 6 || total
-------------------------+-------+-------++-------
Melee: War axe           |    70 |    31 ||   101
  Use: Scroll            |     2 |       ||     2
 Stab: Sleeping          |     1 |       ||     1
  Eat: Chunk             |     7 |     9 ||    16
       Ration            |     1 |       ||     1
Armor: Leather armour    |    48 |    16 ||    64
Dodge: Dodged            |    84 |    42 ||   126
